 Dungeon Sprint DCSS version 0.24.1-14-gf8d2b509d9 (webtiles) character file.

Game seed: 3294944039269058938, levelgen mode: deterministic

58 sahdkjhfkaj the Gusty (level 4, 0/30 HPs)
             Began as a Barachi Air Elementalist on Nov 18, 2020.
             Slain by a water elemental (7 damage)
             ... in the Dungeon (Sprint III: "The Ten Rune Challenge").
             The game lasted 00:01:40 (406 turns).

sahdkjhfkaj the Gusty (Barachi Air Elementalist)     Turns: 406, Time: 00:01:41

Health: 0/30       AC:  2    Str:  9    XL:     4   Next: 1%
Magic:  0/10       EV: 12    Int: 17    God:
Gold:   32         SH:  0    Dex: 12    Spells: 2/12 levels left

rFire    . . .     SeeInvis .   b - +0 dagger
rCold    . . .     Gourm    .   (no shield)
rNeg     . . .     Faith    .   a - +0 robe
rPois    .         Spirit   .   (no helmet)
rElec    .         Reflect  .   (no cloak)
rCorr    .         Harm     .   (no gloves)
MR       .....     NoTele   +   (no boots)
Stlth    ++........             (no amulet)
HPRegen  0.10/turn              (no ring)
MPRegen  0.12/turn              (no ring)

@: can't hop, hasted, very quick
A: +LOS, swims, slowness 1, strong legs 1
a: Hop


You were in the Dungeon.
You were not hungry.

You visited 1 branch You collected 32 gold pieces.

Inventory:

Hand Weapons
 b - a +0 dagger (weapon)
Armour
 a - a +0 robe (worn)
Scrolls
 i - a scroll of blinking {!r}
 k - a scroll of holy word {!r, unknown}
 l - a scroll of identify {!r, unknown}
 m - 2 scrolls of remove curse {!r, unknown}
 o - 2 scrolls of immolation {!r, unknown}
Potions
 d - a potion of curing {!q}
 f - a potion of haste {!q}
 g - 2 potions of magic {!q}
 h - a potion of berserk rage {!q}
 n - 4 potions of flight {!q}
 p - 5 potions of mutation {!q}
Comestibles
 c - 3 rations
 j - 3 chunks of flesh


   Skills:
 - Level 2.1 Dodging
 - Level 1.7 Stealth
 + Level 4.7 Spellcasting
 + Level 4.6 Conjurations
 + Level 5.7 Air Magic


You had 2 spell levels left.
You knew the following spells:

 Your Spells              Type           Power        Failure   Level  Hunger
a - Shock                 Conj/Air       ###.         1%          1    None
b - Airstrike             Air            ###.......   14%         4    ####...
A - Static Discharge      Conj/Air       ###.....     5%          3    ###....
W - Swiftness             Chrm/Air       ##......     7%          2    #......

Your spell library contained the following spells:

 Spells                   Type           Power        Failure   Level  Hunger
 Lightning Bolt           Conj/Air       ###.......   43%         5    ######.


Dungeon Overview and Level Annotations

Branches:
Dungeon (1/1)

Altars:


Innate Abilities, Weirdness & Mutations

Shadows flee at your approach. (+LOS)
You can swim through water.
You cover ground slowly.
You can hop short distances.


Message History

You hit the water elemental.
The water elemental is heavily damaged.
The water elemental hits you!!
Ouch! That really hurt!
* * * LOW HITPOINT WARNING * * *
You slip free of the water engulfing you.
The water engulfing you falls away.
You no longer feel sluggish.
The water elemental closely misses you.
Casting: Swiftness (safe; 7% risk of failure)
Confirm with . or Enter, or press ? or * to list all spells.
Aiming: Airstrike (safe; 14% risk of failure)
Press: ? - help, Dir - move target cursor, f - water elemental
Aim: a water elemental (heavily damaged)
The air twists around and strikes the water elemental!
The water elemental is almost destroyed.
The water elemental closely misses you.
Really quaff
f - 2 potions of haste {!q}?
You feel yourself speed up. The water elemental hits you!
You die...

▓▓▓▓▓▓▓▓▓ ▓▓
▓<..#...#### ##.
▓...#......#####..
▓..##.......#..#..
▓##.##.##...#..#..
##.##.###E.##'#..
▓#.####.##..###...
▓@###.[##..####...
▓#E....##..###....
###..##...##.....
##..##....#......
#..###..##÷#.....
#..# #..#####....
▓▓▓▓ ▓▓▓▓ ▓▓▓▓▓


You could see a water elemental.

Vanquished Creatures
  Jessica (D)
  A human (D)
  2 oozes (D)
  A phantom (D)
  A rat (D)
6 creatures vanquished.

Vanquished Creatures (others)
  2 draconian scorchers (D)
  6 hellions (D)
  A yaktaur (D)
  2 plants (D)
11 creatures vanquished.

Grand Total: 17 creatures vanquished

Notes
Turn   | Place    | Note
-------+----------+-------------------------------------------
     0 | D        | sahdkjhfkaj the Barachi Air Elementalist began the quest
                  | for the Orb.
     0 | D        | Reached XP level 1. HP: 13/13 MP: 3/3
    27 | D        | Killed a yaktaur
    53 | D        | Reached skill level 4 in Air Magic
    53 | D        | Reached XP level 2. HP: 13/19 MP: 3/6
    74 | D        | Learned a level 2 spell: Swiftness
    80 | D        | Killed a hellion
    91 | D        | Killed a hellion
    93 | D        | Killed a hellion
   125 | D        | Killed a hellion
   127 | D        | Killed a hellion
   145 | D        | Noticed Jessica
   156 | D        | Killed Jessica
   156 | D        | Reached skill level 5 in Air Magic
   156 | D        | Reached XP level 3. HP: 21/24 MP: 3/8
   164 | D        | Killed a hellion
   176 | D        | Killed a white draconian scorcher
   221 | D        | Learned a level 3 spell: Static Discharge
   254 | D        | Killed a white draconian scorcher
   302 | D        | Reached XP level 4. HP: 30/30 MP: 6/10
   339 | D        | Learned a level 4 spell: Airstrike
   371 | D        | Noticed a water elemental
   406 | D        | Slain by a water elemental

Levels and vault maps discovered:
D:        dungeon_sprint_mu [sprint_mu_entry_cave, sprint_mu_temple_rooms,
          sprint_mu_d1_horrors, sprint_mu_d2_genie, sprint_mu_d3_branching,
          sprint_mu_orc_legion, sprint_mu_elf_gauntlet, sprint_mu_hive_nellie,
          sprint_mu_lair_fedhas, sprint_mu_vaults_butterflies,
          sprint_mu_slime_circle, sprint_mu_swamp_cave, sprint_mu_shoals_kraken,
          sprint_mu_blade_basic, sprint_mu_crypt_fortress,
          sprint_mu_tomb_spiral, sprint_mu_vestibule_basic,
          sprint_mu_gehenna_hellfire, sprint_mu_dis_giant,
          sprint_mu_tartarus_statrot, sprint_mu_cocytus_islands, sprint_mu_zot1]

Skill      XL: |  1  2 |
---------------+-------+-----
Conjurations   | 2 4 |  4.6
Spellcasting   | 3 4 |  4.7
Air Magic      | 4 5 |  5.7
Dodging        | |  2.1
Stealth        | |  1.7

Action                   |  1- 3 |  4- 6 || total
-------------------------+-------+-------++-------
Melee: Unarmed           |     2 |       ||     2
       Dagger            |       |     5 ||     5
 Cast: Shock             |    19 |     1 ||    20
       Airstrike         |       |     3 ||     3
       Swiftness         |       |     1 ||     1
 Abil: Hop               |       |     1 ||     1
  Use: Potion            |       |     2 ||     2
Armor: Robe              |     1 |       ||     1
Dodge: Dodged            |     7 |     8 ||    15
